Zazza, neutral female human Tourist `############ ------------ ----------- #### -------------# |..........| |..........#######----- |o.o...>....|#########-..........| |.........| #....| |............# |..........| |..........#######|..[.# |o..........|# |..........| |.........| ##-...|# |f..........|########`|..........| |..........#######-----# |[..........|# --+----.---- ------|---- ###### # -o---|---|-.-# ## ## # # ##@#### ### # # # ### # # # # # ### ###### # ## ####### ######### # # -----|-- ### #------ -|-|---.-# # ### |......| # #.<..[| |.......|# # # |......-######## |....-#####...)....|############ ##### |......| |..).| |.......| # -.--.---- -------- |....| --------- ###|.......| ----.- #-.......| # --------- Zazza the Sightseer Experience level: 4 Strength: 15 Dexterity: 11 Constitution: 18 Intelligence: 13 Wisdom: 8 Charisma: 18 Health: 0(39) Energy: 13(13) Def: 2 Gold: 809 Moves: 3107 Dungeon seed: gV1hAxRJhn5tPHiD Game ID: Zazza_1535305196 Your Inventory: Coins $ - 809 gold pieces Amulets u - an uncursed amulet of magical breathing (being worn) S - an uncursed amulet of magical breathing Weapons a - 30 +2 darts (in quiver) z - a +0 elven dagger (weapon in hand) Armor e - an uncursed +0 Hawaiian shirt (being worn) r - an uncursed +0 orcish helm (being worn) y - an uncursed -1 pair of levitation boots C - an uncursed +0 alchemy smock (being worn) D - a cursed -3 orcish helm I - a cursed -1 pair of gauntlets of fumbling N - a cursed +0 oilskin cloak Comestibles d - an uncursed lembas wafer f - an uncursed fortune cookie g - an uncursed tripe ration h - an uncursed orange m - 9 uncursed food rations M - an uncursed cram ration Q - an uncursed lichen corpse W - an uncursed centipede egg Scrolls j - 2 uncursed scrolls of magic mapping k - 2 blessed scrolls of magic mapping F - an uncursed scroll of fire G - an uncursed scroll of enchant armor Spellbooks n - an uncursed spellbook of stone to flesh T - an uncursed spellbook of sleep Potions i - 2 uncursed potions of extra healing v - an uncursed potion of monster detection x - an uncursed potion of oil J - an uncursed potion of sickness O - an uncursed potion of object detection R - 2 uncursed potions of hallucination Rings A - a cursed ring of aggravate monster Wands q - a wand of magic missile (0:5) B - a wand of create monster (0:13) Tools c - an uncursed credit card l - an expensive camera (0:50) t - an uncursed tin opener U - a bag of tricks (0:8) V - an uncursed tin opener Gems P - 2 uncursed worthless pieces of black glass Y - an uncursed worthless piece of yellow glass Spells and supernatural/magical abilities: Name Level Category Fail Memory W - pray for help -- divine ? -- Your skills at the end: Fighting Skills Weapon Skills dagger [Basic] dart [Basic] Spellcasting Skills Final Attributes: You were piously aligned. You were poison resistant. You were acid resistant. You were telepathic. You could survive without air. You were lucky. You are dead. Vanquished creatures: 2 shriekers a floating eye a kitten 2 hill orcs an acid blob a coyote a hobbit a hobgoblin a giant rat 2 yellow molds 2 red molds 7 garter snakes 2 gnome zombies 4 geckos 6 jackals 3 goblins a sewer rat 9 grid bugs 3 bats 5 lichens 3 kobold zombies 7 newts 65 creatures vanquished. Voluntary challenges: You used a wielded weapon 62 times, starting on turn 880. You read items or engraved 3 times, starting on turn 237. You never genocided any monsters. You never polymorphed an object. You never changed form. You used no wishes. You never split a pudding. You wrote Elbereth's name 1 time, starting on turn 237. You violated your moral code, losing 11 points of alignment, starting on turn 2828. Dungeon overview: The Dungeons of Doom: levels 1 to 5 Level 1 a long staircase Level 2 a general store Level 3 Level 4 some fountains a long staircase Level 5 <- You were here History has recorded: On T:1 you entered the Dungeons of Doom to retrieve the Amulet of Yendor! On T:387 you reached level 2 of The Dungeons of Doom. On T:562 you advanced to experience level 2. On T:1083 you reached level 3 of The Dungeons of Doom. On T:1639 you advanced to experience level 3. On T:1807 you reached level 4 of The Dungeons of Doom. On T:2414 you reached level 5 of The Dungeons of Doom. On T:3030 you advanced to experience level 4. Score breakdown: Gold: 0 ( 0 points) Experience: 4 levels ( 9649 points) Exploration: 5 levels ( 9.80%) ( 8485 points) Discoveries: 9 items ( 3.02%) ( 5213 points) Valuables value: (no points given unless you survive) Artifact value: 0 ( 0 points) Variety of kills: 22 monsters ( 5.77%) ( 7208 points) Turncount: 3107 turns ( -651 points) Survival: died (score multiplied by 80%) Total score: 23923 Latest messages: The hill orc swings his curved sword at Armand. The hill orc misses Armand. You hit it. The hill orc hits! You hear some noises. Armand bites the hill orc. You kill the hill orc! The hill orc hits Armand. Armand misses the hill orc. Armand bites the hill orc. You hit it. The hill orc drinks a cyan potion! The hill orc looks better. Armand bites the hill orc. The hill orc misses Armand. You hit it. Armand bites the hill orc. The hill orc misses Armand. You hit it. The hill orc swings his curved sword. The hill orc hits! You die... Final status: Aloha Zazza the Tourist, killed by a hill orc... You died in The Dungeons of Doom on dungeon level 5 with 23923 points, and 809 pieces of gold, after 3107 moves. You were level 4 with a maximum of 39 hit points when you died.